 Dungeon Crawl Stone Soup version 0.29.0-4-gdea44cf6ec (webtiles) character file.

Game seed: 9916381830450044067

2 qw the Sneak (level 1, 0/14 HPs)
             Began as a Ghoul Enchanter on Sept 6, 2022.
             Slain by a jackal (2 damage)
             ... on level 1 of the Dungeon.
             The game lasted 00:00:04 (68 turns).

qw the Sneak (Ghoul Enchanter)                        Turns: 68, Time: 00:00:04

Health: 0/14       AC:  2    Str: 11    XL:     1   Next: 40%
Magic:  2/2        EV: 12    Int: 10    God:
Gold:   0          SH:  0    Dex:  9    Spells: 3/3 levels left

rFire   . . .      SeeInvis .   d - +0 mace
rCold   + . .      Faith    .   (no shield)
rNeg    + + +      Spirit   .   b - +0 robe
rPois   inf        Reflect  .   (no helmet)
rElec   .          Harm     .   (no cloak)
rCorr   .          Rampage  .   (no gloves)
Will    .....                   (no boots)
Stlth   ++........              (no amulet)
HPRegen 0.00/turn               (no ring)
MPRegen 0.08/turn               (no ring)

@: inhibited regen
A: claws 1, cold resistance 1, negative energy resistance 3, inhibited
regeneration, torment resistance 2, devour on kill
a: no special abilities


You were on level 1 of the Dungeon.
You visited 1 branch of the dungeon, and saw 1 of its levels.


Innate Abilities, Weirdness & Mutations

You are immune to poison.
You have sharp fingernails.
Your flesh is cold resistant. (rC+)
You are immune to negative energy. (rN+++)
You do not regenerate when monsters are visible.
You are immune to unholy pain and torment.
You thrive by killing the living.


   Skills:
 - Level 0.8 Short Blades
 + Level 0.6 Axes
 - Level 1.7 Dodging
 - Level 3.2 Stealth
 - Level 1.7 Spellcasting
 - Level 2.4 Hexes


You had 3 spell levels left.
You didn't know any spells.
Your spell library contained the following spells:

 Spells                   Type           Power      Damage    Failure   Level
 Ensorcelled Hibernation  Hex/Ice        6%         N/A       30%         2
 Confusing Touch          Hex            5%         N/A       34%         3
 Tukima's Dance           Hex            5%         N/A       34%         3
 Dazzling Flash           Conj/Hex       6%         N/A       52%         3

Inventory:

Hand Weapons
 d - a +0 mace (weapon)
Armour
 b - a +0 robe (worn)
Potions
 c - 2 potions of invisibility

Dungeon Overview and Level Annotations

Branches:
Dungeon (1/15)

Altars:


Message History

There is a stone staircase leading down here.
Found a stone staircase leading down. 4 jackals come into view.
The jackal barks! x2
49 ||| Stepping ~*~*~tactically~*~*~ (stealth).
51 ||| Stepping ~*~*~tactically~*~*~ (stealth).
53 ||| Stepping ~*~*~tactically~*~*~ (stealth).
55 ||| Stepping ~*~*~tactically~*~*~ (stealth).
You hit the jackal but do no damage. The jackal bites you.
The jackal barely misses you.
You hit the jackal.
You kill the jackal!
You feel better.
The jackal barks!
The jackal bites you.
You barely miss the jackal. You closely miss the jackal. The jackal bites you.
The jackal closely misses you. The jackal misses you.
You closely miss the jackal.
The jackal bites you but does no damage.
The jackal bites you. The jackal barely misses you.
You barely miss the jackal. The jackal closely misses you.
The jackal barely misses you. The jackal closely misses you.
The jackal completely misses you.
You closely miss the jackal. The jackal misses you. The jackal bites you. x2
You hit the jackal.
The jackal is moderately wounded.
The jackal barely misses you. x2; The jackal closely misses you.
The jackal bites you but does no damage.
You hit the jackal.
You kill the jackal!
The jackal barely misses you.
The jackal bites you but does no damage.
The jackal misses you.
You closely miss the jackal.
The jackal closely misses you. x2; The jackal bites you. x2
You hit the jackal but do no damage. The jackal barely misses you.
The jackal bites you.
You die...

####
#########
....
......hh#
...# #@#
#..##
##.####
.#..######
#.....#
..#......###
#..##.#
...#####...#
#>..#.#
......#)|..#
#.#.#.#
<....#.....#
#.....#
.....#.....#
###.###
....(.#....#
#.#


You could see 2 jackals.

Vanquished Creatures
  2 jackals (D:1)
2 creatures vanquished.

Notes
Turn   | Place    | Note
-------+----------+-------------------------------------------
     0 | D:1      | qw the Ghoul Enchanter began the quest for the Orb.
     0 | D:1      | Reached XP level 1. HP: 14/14 MP: 2/2
     0 | D:1      | 0 ||| qw: Version: 0.1-a-107-g9ff403c
     0 | D:1      | 0 ||| qw: Game counter: 6178
     0 | D:1      | 0 ||| qw: Always use a shield: true
     0 | D:1      | 0 ||| qw: God list: Okawaru
     0 | D:1      | 0 ||| qw: Allow faded altars: false
     0 | D:1      | 0 ||| qw: Do Orc after D:15 true
     0 | D:1      | 0 ||| qw: Do second Lair branch before Depths: true
     0 | D:1      | 0 ||| qw: Lair rune preference: random
     0 | D:1      | 0 ||| qw: Plans: Normal
     0 | D:1      | 0 ||| PLANNING D:1-11
     8 | D:1      | 8 ||| SWAPPING to +0 mace.
     9 | D:1      | 9 ||| DROPPING +1 dagger.
    49 | D:1      | 49 ||| Stepping ~*~*~tactically~*~*~ (stealth).
    51 | D:1      | 51 ||| Stepping ~*~*~tactically~*~*~ (stealth).
    53 | D:1      | 53 ||| Stepping ~*~*~tactically~*~*~ (stealth).
    55 | D:1      | 55 ||| Stepping ~*~*~tactically~*~*~ (stealth).
    67 | D:1      | HP: 3/14 [jackal (2)]
    68 | D:1      | Slain by a jackal

Levels and vault maps discovered:
D:1:      scummos_arrival_star, layout_loops_cross, nicolae_shop_vocational

Action                   || total
-------------------------++-------
Melee: Mace              ||    11
Armor: Robe              ||     3
Dodge: Dodged            ||    17

Table legend:
 A = Non-vault XP
 B = Vault XP
 C = Vault XP percentage of total XP
 D = Non-vault monster count
 E = Vault monster count
 F = Vault count percentage of total count
                 A         B        C        D         E       F
            +---------+---------+-------+---------+---------+-------
      Total |       4 |       0 |   0.0 |       2 |       0 |   0.0
            +---------+---------+-------+---------+---------+-------
        D:1 |       4 |       0 |   0.0 |       2 |       0 |   0.0
            +---------+---------+-------+---------+---------+-------
